Map: Whitewater Line LE

Players

DeskLamp

  • Race: Protoss Protoss
  • Spawn Location: 1:00

WeaponXXX

  • Race: Protoss Protoss
  • Spawn Location: 1:00

CHILE

  • Race: Terran Terran
  • Spawn Location: 12:00

Throwfordays

  • Race: Protoss Protoss
  • Spawn Location: 7:00

Cthulhu

  • Race: Terran Terran
  • Spawn Location: 6:00

Faust

  • Race: Zerg Zerg
  • League: Diamond
  • Spawn Location: 7:00

VOD

Have the link to the VOD?

Description

Time

  • Played on: March 23, 2021, 12:13 a.m.
  • Length: 14:42
Show
View Real Time Build Order
Export as new Build Order

DeskLamp Protoss 

Build Orders:  

Get SALT Encoding   

  12  0:00  Probe  
  13  0:16  Pylon  
  13  0:19  Probe  
  14  0:31  Probe (Chrono Boost)  
  15  0:40  Gateway  
  15  0:42  Probe (Chrono Boost)  
  16  0:47  Probe (Chrono Boost)  
  17  0:55  Pylon  
  17  0:57  Probe (Chrono Boost)  
  17  1:02  Assimilator  
  18  1:09  Probe (Chrono Boost)  
  19  1:20  Gateway  
  19  1:24  Probe  
  20  1:31  Cybernetics Core  
  20  1:36  Probe  
  20  1:38  Pylon  
  21  1:47  Assimilator  
  21  1:48  Probe  
  22  1:57  Gateway  
  22  2:00  Probe  
  23  2:04  Warp Gate (Chrono Boost)  
  23  2:10  Stalker  
  23  2:14  Probe  
  26  2:22  Stalker  
  28  2:27  Probe  
  29  2:37  Gateway  
  29  2:50  Stalker  
  31  2:57  Shield Battery  
  31  2:59  Probe  
  32  3:08  Pylon  
  32  3:12  Stalker (Chrono Boost)  
  36  3:22  Stalker (Chrono Boost)  
  36  3:24  Pylon  
  36  3:46  Stalker x2  
  36  3:47  Stalker  
  42  4:03  Gateway  
  42  4:25  Nexus  
  36  4:55  Pylon  
  36  4:59  Stalker x2  
  40  5:00  Stalker x2  
  44  5:19  Stalker  
  46  5:25  Stalker x2  
  50  5:44  Stalker x2  
  54  6:11  Stalker x4  
  38  6:32  Stalker  
  40  6:37  Probe (Chrono Boost)  
  42  6:48  Probe (Chrono Boost)  
  42  6:51  Twilight Council  
  42  6:53  Probe (Chrono Boost)  
  42  6:56  Probe  
  44  7:04  Probe  
  45  7:09  Probe (Chrono Boost)  
  46  7:16  Probe (Chrono Boost)  
  46  7:21  Probe (Chrono Boost)  
  48  7:25  Blink (Chrono Boost)  
  48  7:26  Probe (Chrono Boost)  
  48  7:28  Probe (Chrono Boost)  
  50  7:31  Probe (Chrono Boost)  
  50  7:34  Pylon  
  50  7:35  Probe  
  52  7:42  Probe  
  53  7:47  Probe  
  53  7:49  Shield Battery  
  53  7:51  Assimilator  
  54  7:54  Assimilator, Probe  
  55  7:59  Probe  
  55  8:01  Shield Battery  
  55  8:04  Shield Battery  
  56  8:06  Probe  
  56  8:11  Probe  
  58  8:18  Templar Archives, Probe  
  59  8:23  Probe  
  60  8:28  Stalker  
  60  8:29  Shield Battery, Stalker x2  
  66  8:44  Nexus  
  66  8:45  Psionic Storm  
  66  8:48  Probe  
  67  9:08  High Templar x4  
  75  9:32  Stalker  
  75  9:33  Pylon  
  75  9:37  Gateway  
  77  9:40  Gateway  
  77  9:42  Gateway  
  77  9:45  Gateway  
  77  9:54  Stalker x2  
  77  9:55  Stalker x2  
  77  9:58  Shield Battery  
  77  9:59  Probe  
  87  10:00  Probe  
  87  10:17  Nexus  
  87  10:24  Pylon  
  87  10:27  Probe (Chrono Boost)  
  88  10:31  Probe (Chrono Boost)  
  88  10:32  Probe (Chrono Boost)  
  90  10:39  Probe (Chrono Boost)  
  93  10:43  Forge  
  93  10:46  Probe (Chrono Boost)  
  93  10:47  Probe x2 (Chrono Boost)  
  93  10:48  Forge  
  94  10:53  Probe x2  
  94  10:54  Probe  
  97  11:01  Shield Battery  
  97  11:05  Shield Battery  
  97  11:07  Assimilator x2  
  97  11:22  Stalker x2  
  97  11:23  Stalker x4  
  109  11:38  Protoss Ground Weapons Level 1 (Chrono Boost)  
  109  11:39  Charge (Chrono Boost), Protoss Ground Armor Level 1 (Chrono Boost)  
  109  11:54  Forge  
  109  11:58  Probe x2  
  109  11:59  Probe x2  
  113  12:09  Nexus, Photon Cannon  
  113  12:10  Photon Cannon, Probe  
  113  12:11  Probe  
  113  12:12  Photon Cannon  
  113  12:14  Photon Cannon  
  115  12:25  Stalker  
  115  12:26  Stalker x3  
  123  12:59  Pylon  
  123  13:05  Probe  
  124  13:07  Pylon  
  124  13:10  Pylon  
  124  13:12  Pylon  
  124  13:14  Assimilator  
  124  13:18  Robotics Facility x2  
  124  13:19  Assimilator, Probe (Chrono Boost)  
  125  13:22  Photon Cannon  
  125  13:24  Probe (Chrono Boost)  
  128  13:29  Probe (Chrono Boost)  
  128  13:30  Probe (Chrono Boost)  
  131  13:35  Probe x3 (Chrono Boost)  
  131  13:36  Photon Cannon  
  131  13:38  Probe x2 (Chrono Boost)  
  131  13:39  Probe (Chrono Boost)  
  131  13:40  Photon Cannon  
  121  13:42  Probe x2  
  114  13:48  Probe  
  115  13:56  Zealot x7  
  115  13:57  Zealot  
  131  14:03  Gateway  
  131  14:05  Gateway  
  131  14:08  Gateway  
  131  14:13  Pylon  
  131  14:16  Gateway, Probe x2  
  131  14:17  Pylon, Gateway, Probe x2  
  135  14:20  Pylon, Gateway  
  135  14:21  Gateway  
  135  14:33  High Templar x2  
  135  14:35  Pylon  
  139  14:39  Pylon  
Show
View Real Time Build Order
Export as new Build Order

WeaponXXX Protoss 

Build Orders:  

Get SALT Encoding   

  12  0:03  Probe  
  13  0:15  Probe  
  14  0:23  Pylon  
  14  0:27  Probe  
  15  0:41  Probe  
  16  0:53  Probe  
  17  1:05  Probe  
  17  1:09  Nexus  
  18  1:37  Nexus  
  18  1:46  Assimilator  
  18  1:50  Assimilator  
  18  1:51  Probe (Chrono Boost)  
  19  2:00  Probe (Chrono Boost)  
  20  2:05  Probe (Chrono Boost)  
  21  2:10  Gateway  
  21  2:20  Probe (Chrono Boost)  
  21  2:21  Probe (Chrono Boost)  
  24  2:31  Probe (Chrono Boost)  
  24  2:32  Probe (Chrono Boost)  
  25  2:38  Probe (Chrono Boost)  
  25  2:39  Probe (Chrono Boost)  
  25  2:41  Forge  
  27  2:49  Probe (Chrono Boost)  
  29  2:51  Probe (Chrono Boost)  
  30  2:59  Probe (Chrono Boost)  
  30  3:02  Probe (Chrono Boost)  
  30  3:04  Probe (Chrono Boost)  
  31  3:08  Probe  
  31  3:11  Probe  
  34  3:14  Assimilator  
  34  3:15  Probe  
  34  3:16  Assimilator  
  35  3:20  Pylon, Probe  
  35  3:24  Probe  
  35  3:26  Pylon  
  37  3:28  Probe  
  38  3:35  Cybernetics Core  
  38  3:40  Pylon, Probe  
  39  3:45  Pylon  
  39  3:51  Photon Cannon  
  39  3:59  Pylon  
  39  4:06  Probe (Chrono Boost)  
  41  4:13  Probe (Chrono Boost)  
  41  4:16  Probe (Chrono Boost)  
  42  4:20  Probe (Chrono Boost)  
  42  4:21  Assimilator  
  45  4:25  Assimilator, Probe (Chrono Boost)  
  45  4:26  Probe (Chrono Boost)  
  45  4:28  Probe (Chrono Boost)  
  45  4:30  Pylon  
  46  4:32  Probe x2 (Chrono Boost)  
  46  4:33  Pylon, Probe (Chrono Boost)  
  46  4:37  Pylon  
  49  4:44  Probe x3  
  52  4:50  Stargate  
  52  4:53  Stargate x2  
  52  4:57  Probe (Chrono Boost)  
  52  4:58  Probe (Chrono Boost)  
  52  4:59  Probe (Chrono Boost)  
  55  5:02  Robotics Facility  
  56  5:09  Probe (Chrono Boost)  
  56  5:12  Probe (Chrono Boost)  
  56  5:14  Probe (Chrono Boost)  
  57  5:15  Stargate  
  57  5:16  Pylon  
  58  5:22  Pylon  
  58  5:23  Probe  
  59  5:31  Void Ray  
  59  5:33  Void Ray  
  59  5:34  Void Ray  
  59  5:35  Fleet Beacon, Probe (Chrono Boost)  
  72  5:47  Probe (Chrono Boost)  
  73  5:54  Probe (Chrono Boost)  
  73  5:56  Photon Cannon  
  74  5:57  Void Ray  
  74  5:59  Photon Cannon  
  74  6:01  Probe (Chrono Boost)  
  74  6:03  Photon Cannon  
  79  6:07  Photon Cannon  
  79  6:13  Probe (Chrono Boost)  
  79  6:15  Photon Cannon  
  80  6:18  Photon Cannon, Probe (Chrono Boost)  
  80  6:22  Observer  
  80  6:23  Photon Cannon  
  82  6:28  Probe  
  82  6:30  Robotics Bay  
  82  6:31  Flux Vanes  
  83  6:35  Void Ray  
  83  6:36  Protoss Shields Level 1  
  83  6:39  Twilight Council  
  83  6:40  Void Ray, Cybernetics Core  
  83  6:44  Void Ray  
  91  6:48  Protoss Air Armor Level 1, Void Ray  
  99  7:03  Pylon  
  99  7:05  Pylon  
  99  7:12  Pylon, Void Ray  
  99  7:17  Void Ray  
  99  7:21  Void Ray  
  103  7:26  Void Ray  
  115  7:49  Void Ray  
  115  7:54  Void Ray  
  119  8:01  Pylon, Void Ray  
  119  8:03  Pylon  
  123  8:07  Photon Cannon  
  123  8:08  Void Ray  
  123  8:09  Pylon, Photon Cannon  
  127  8:13  Photon Cannon  
  127  8:19  Protoss Air Weapons Level 1  
  131  8:26  Void Ray  
  131  8:31  Void Ray  
  139  9:00  Void Ray  
  124  9:16  Void Ray  
  124  9:17  Void Ray x2  
  68  9:37  Void Ray  
  72  9:53  Void Ray  
  72  9:57  Void Ray  
  80  10:14  Void Ray  
  84  10:26  Void Ray  
  88  10:43  Void Ray  
  92  10:56  Void Ray  
  96  11:13  Void Ray  
  96  11:35  Void Ray  
  96  11:41  Void Ray  
  104  12:11  Void Ray  
  104  12:12  Void Ray  
  112  12:29  Void Ray  
  104  12:53  Void Ray  
  104  12:54  Void Ray  
  100  13:47  Void Ray  
  100  13:48  Void Ray x2  
  112  13:59  Void Ray  
Show
View Real Time Build Order
Export as new Build Order

CHILE Terran 

Build Orders:  

Get SALT Encoding   

  12  0:24  Supply Depot  
  12  0:48  Barracks  
  12  0:50  Barracks  
  12  1:18  Barracks x2  
  12  1:21  Barracks  
  12  1:26  SCV  
  13  1:38  SCV  
  14  1:50  SCV  
  15  2:03  SCV  
  15  2:05  Marine x2  
  15  2:07  Marine  
  19  2:17  Refinery  
  19  2:23  Marine x2  
  19  2:25  Marine  
  19  2:27  Supply Depot  
  22  2:41  Marine  
  23  2:48  Marine x2  
  23  2:49  Supply Depot  
  25  2:58  Marine  
  26  3:06  Marine x2  
  28  3:16  Marine  
  29  3:24  Marine x2  
  30  3:34  Marine  
  21  4:09  Marine x2  
  20  4:10  Marine  
  18  5:15  Marine  
  18  5:19  Marine  
  15  5:50  Factory  
  15  5:52  SCV  
  16  5:57  Refinery  
  16  6:04  SCV  
  17  6:16  SCV  
  17  6:18  Command Center  
  18  6:28  SCV  
  19  6:37  Factory Reactor  
  19  6:39  Engineering Bay  
  19  6:40  SCV  
  19  6:41  Factory  
  20  6:53  Factory  
  20  7:02  SCV  
  21  7:14  SCV  
  22  7:16  Widow Mine x2  
  26  7:26  SCV  
  26  7:29  Factory Reactor  
  27  7:38  SCV  
  27  7:40  Factory Tech Lab  
  28  7:48  Refinery  
  28  7:50  SCV  
  31  7:51  Widow Mine  
  31  8:01  Armory  
  31  8:03  SCV  
  32  8:08  SCV  
  33  8:21  SCV  
  33  8:23  Missile Turret  
  34  8:30  Missile Turret  
  34  8:34  Missile Turret  
  34  8:44  Missile Turret  
  34  8:49  Drilling Claws  
  34  9:02  Orbital Command, Missile Turret  
  34  9:06  Missile Turret  
  34  9:19  SCV  
  35  9:26  Missile Turret  
  35  9:31  SCV  
  36  9:41  Widow Mine  
  36  9:42  Widow Mine x2  
  36  9:43  SCV  
  36  9:44  Widow Mine  
  45  9:47  Missile Turret  
  45  9:51  Widow Mine  
  47  9:55  SCV  
  47  9:58  Factory  
  48  10:07  SCV  
  48  10:11  Missile Turret  
  49  10:19  SCV  
  49  10:21  Refinery  
  50  10:29  Missile Turret  
  50  10:31  SCV  
  51  10:43  SCV, Factory Reactor  
  52  10:55  SCV  
  53  10:57  Missile Turret  
  53  11:07  SCV  
  48  11:20  SCV  
  48  11:21  Missile Turret  
  48  11:24  Widow Mine x2  
  53  11:32  SCV  
  54  11:34  Supply Depot  
  54  11:36  Widow Mine x4  
  62  11:51  Supply Depot  
  62  11:56  Supply Depot, Widow Mine x3  
  62  11:57  Widow Mine  
  62  11:59  Planetary Fortress  
  70  12:12  Widow Mine x3  
  70  12:13  Supply Depot  
  76  12:17  Widow Mine  
  76  12:18  Widow Mine x2  
  76  12:19  Widow Mine  
  84  12:34  Widow Mine  
  84  12:35  Widow Mine x2  
  90  12:38  Widow Mine  
  90  12:39  Widow Mine  
  92  13:04  Widow Mine  
  94  13:13  Supply Depot  
  94  13:19  Supply Depot  
  94  13:35  Widow Mine x4  
  94  13:36  Supply Depot, Widow Mine  
  94  13:41  Widow Mine x2  
  106  13:56  Widow Mine x2  
  106  13:58  Widow Mine x3  
  114  14:17  Widow Mine x2  
Show
View Real Time Build Order
Export as new Build Order

Throwfordays Protoss 

Build Orders:  

Get SALT Encoding   

  12  0:01  Probe  
  13  0:13  Probe  
  14  0:20  Pylon  
  14  0:25  Probe  
  15  0:38  Assimilator, Probe (Chrono Boost)  
  16  0:49  Probe (Chrono Boost)  
  17  0:50  Assimilator  
  17  0:53  Probe (Chrono Boost)  
  18  1:04  Probe  
  19  1:17  Probe (Chrono Boost)  
  20  1:28  Probe (Chrono Boost)  
  21  1:33  Probe (Chrono Boost)  
  22  1:43  Nexus, Probe  
  22  1:44  Pylon  
  23  1:58  Forge  
  23  2:02  Gateway  
  23  2:13  Pylon  
  23  2:35  Photon Cannon  
  23  2:45  Photon Cannon  
  23  2:49  Cybernetics Core  
  23  2:56  Photon Cannon, Probe (Chrono Boost)  
  26  3:06  Probe (Chrono Boost)  
  26  3:07  Probe (Chrono Boost)  
  26  3:11  Probe (Chrono Boost)  
  26  3:16  Probe  
  26  3:18  Photon Cannon  
  28  3:26  Photon Cannon  
  27  3:35  Photon Cannon  
  27  3:48  Shield Battery  
  27  3:49  Pylon  
  27  3:56  Shield Battery  
  27  4:04  Pylon  
  27  4:15  Photon Cannon  
  27  4:25  Stargate x2  
  27  4:28  Probe (Chrono Boost)  
  29  4:38  Probe (Chrono Boost)  
  29  4:43  Probe x2 (Chrono Boost)  
  31  4:55  Probe x2  
  33  5:02  Photon Cannon x2  
  33  5:07  Probe x2  
  35  5:17  Assimilator  
  35  5:19  Probe x2  
  35  5:20  Assimilator  
  37  5:23  Void Ray (Chrono Boost)  
  37  5:26  Void Ray (Chrono Boost)  
  37  5:31  Probe x2  
  47  5:43  Probe  
  47  5:47  Protoss Air Weapons Level 1 (Chrono Boost)  
  48  5:51  Probe  
  48  5:55  Probe  
  50  6:03  Void Ray x2, Probe  
  55  6:16  Probe  
  56  6:33  Fleet Beacon  
  56  6:39  Pylon  
  56  6:40  Void Ray x2  
  56  6:41  Protoss Shields Level 1  
  56  6:42  Pylon  
  64  6:56  Probe  
  65  7:02  Probe  
  66  7:19  Void Ray x2  
  66  7:24  Flux Vanes  
  74  7:31  Stargate  
  74  7:33  Pylon  
  74  7:36  Pylon  
  73  7:39  Pylon  
  73  7:42  Pylon  
  73  7:57  Void Ray x2  
  81  8:07  Protoss Air Weapons Level 2  
  81  8:11  Pylon  
  81  8:12  Pylon  
  81  8:14  Pylon  
  81  8:19  Void Ray  
  81  8:24  Probe  
  86  8:34  Void Ray  
  86  8:35  Void Ray  
  61  9:27  Void Ray x3  
  65  10:08  Nexus  
  65  10:12  Pylon, Void Ray  
  65  10:13  Void Ray x2  
  65  10:15  Pylon  
  65  10:17  Assimilator  
  65  10:20  Assimilator  
  77  10:39  Probe  
  78  10:45  Probe  
  79  10:51  Probe  
  80  10:57  Probe  
  80  11:01  Photon Cannon  
  80  11:03  Probe  
  82  11:04  Pylon  
  82  11:06  Photon Cannon  
  82  11:09  Probe  
  83  11:16  Probe  
  84  11:22  Probe  
  84  11:24  Void Ray x3  
  85  11:28  Probe  
  98  11:34  Probe  
  98  11:36  Nexus  
  98  11:39  Assimilator  
  99  11:42  Assimilator  
  99  11:46  Pylon, Probe  
  100  11:56  Twilight Council  
  100  12:05  Void Ray  
  100  12:06  Void Ray x2  
  100  12:14  Probe  
  98  12:27  Probe (Chrono Boost)  
  94  12:37  Probe (Chrono Boost)  
  96  12:45  Void Ray, Probe (Chrono Boost)  
  96  12:46  Void Ray x2  
  96  12:47  Probe (Chrono Boost)  
  98  12:52  Probe x2 (Chrono Boost)  
  111  13:03  Probe  
  111  13:04  Probe  
  113  13:06  Probe  
  114  13:16  Probe  
  114  13:17  Probe  
  114  13:18  Probe  
  117  13:25  Probe  
  118  13:28  Probe  
  118  13:29  Probe  
  118  13:30  Probe  
  120  13:37  Probe  
  120  13:40  Probe  
  114  13:41  Probe  
  114  13:42  Probe  
  76  13:54  Probe  
  73  14:11  Stargate x2  
  73  14:12  Stargate  
  73  14:15  Probe  
  78  14:27  Probe  
Show
View Real Time Build Order
Export as new Build Order

Cthulhu Terran 

Build Orders: Liberator Opening 

Get SALT Encoding   

  12  0:00  SCV  
  13  0:13  SCV  
  14  0:25  SCV, Supply Depot  
  15  0:47  SCV  
  15  0:48  Barracks  
  16  0:51  Refinery  
  16  0:59  SCV  
  17  1:16  SCV  
  19  1:32  SCV  
  19  1:33  Refinery  
  19  1:36  Command Center  
  19  1:54  Factory  
  19  1:56  SCV  
  20  2:08  SCV  
  21  2:26  Reaper  
  21  2:29  Supply Depot  
  22  2:36  Orbital Command  
  22  2:40  Starport, Factory Reactor  
  22  2:49  SCV  
  23  2:56  Supply Depot  
  23  3:19  Widow Mine x2  
  27  3:23  Liberator  
  30  4:15  Viking, Starport  
  30  4:16  Viking  
  29  4:48  Viking x2, Engineering Bay  
  33  4:55  Starport Reactor  
  33  4:57  SCV  
  33  4:58  SCV  
  33  5:00  Factory Tech Lab  
  33  5:18  Viking x2  
  37  5:32  Refinery  
  31  6:23  Viking  
  31  6:24  Viking x3  
  39  6:50  Sensor Tower  
  39  6:54  Missile Turret  
  39  7:03  Command Center  
  39  7:29  Marine, SCV, Siege Tank, Supply Depot  
  44  7:41  SCV  
  45  7:52  Viking x3  
  51  8:01  Armory  
  51  8:08  SCV  
  52  8:20  SCV  
  52  8:23  Orbital Command  
  52  8:24  Siege Tank  
  56  9:05  Missile Turret  
  56  9:06  Missile Turret  
  55  9:36  SCV x2  
  57  9:48  SCV x2  
  53  10:28  Refinery  
  53  10:31  Refinery  
  53  10:32  SCV x2  
  53  10:35  Viking x4  
  63  10:44  Terran Ship Weapons Level 1  
  63  10:48  Siege Tank  
  66  11:05  Viking  
  66  11:39  SCV  
  62  11:41  Viking x2, Liberator  
  69  11:48  Liberator  
  72  12:09  SCV x2  
  72  12:10  Marine  
  72  12:11  Siege Tank  
  78  12:21  Supply Depot  
  78  12:22  Supply Depot  
  78  12:35  Viking  
  78  12:36  Viking  
  76  12:58  SCV x2  
  77  13:00  Viking x2  
  81  13:13  Marine, SCV x2  
  81  13:14  Viking  
  81  13:15  Viking  
  81  13:19  Siege Tank  
  63  13:58  Command Center  
Show
View Real Time Build Order
Export as new Build Order

Faust Zerg 

Build Orders: Pool First, Lurkers, Roach Hydra 

Get SALT Encoding   

  12  0:00  Drone  
  13  0:08  Drone  
  13  0:13  Extractor  
  13  0:16  Drone  
  14  0:21  Extractor  
  14  0:22  Drone  
  14  0:28  Overlord  
  16  0:42  Spawning Pool  
  16  0:47  Drone  
  16  0:49  Drone  
  17  1:18  Hatchery  
  16  1:23  Drone  
  17  1:29  Queen  
  19  1:48  Hatchery  
  19  1:51  Drone  
  19  1:53  Drone  
  20  1:59  Drone  
  21  2:03  Overlord  
  21  2:18  Queen, Extractor  
  23  2:26  Drone  
  23  2:27  Drone  
  25  2:32  Queen  
  27  2:38  Drone x2  
  29  2:46  Overlord  
  29  2:48  Drone  
  29  2:51  Drone  
  31  2:54  Drone  
  32  3:10  Zergling x10  
  37  3:17  Spine Crawler  
  36  3:21  Spine Crawler  
  31  3:45  Zergling x10  
  31  3:46  Zergling x4  
  31  4:02  Zergling x6  
  34  4:03  Zergling x8  
  34  4:20  Zergling x8  
  36  4:31  Queen x2  
  38  4:35  Extractor x2, Drone x3  
  38  4:36  Drone x3  
  41  4:39  Overlord  
  41  4:40  Roach Warren  
  37  4:59  Zergling x10  
  42  5:02  Drone  
  42  5:03  Drone  
  44  5:19  Extractor  
  43  5:21  Extractor  
  43  5:22  Drone x3  
  43  5:23  Drone x2  
  45  5:42  Overlord x2  
  40  6:12  Zergling x2  
  40  6:13  Zergling x8  
  42  6:21  Drone x3  
  42  6:22  Drone x6  
  51  6:30  Lair  
  51  6:32  Drone  
  52  6:33  Drone  
  53  6:40  Overlord  
  53  6:54  Roach x3  
  55  6:57  Overlord  
  55  6:58  Overlord  
  59  7:02  Drone x3  
  59  7:03  Evolution Chamber  
  59  7:04  Evolution Chamber  
  60  7:11  Hatchery  
  60  7:12  Drone  
  60  7:18  Roach x3  
  60  7:22  Drone x3  
  69  7:23  Drone  
  70  7:36  Roach x4  
  78  7:41  Roach  
  80  7:47  Zerg Ground Armor Level 1, Zerg Missile Weapons Level 1  
  80  7:48  Glial Reconstitution  
  80  7:55  Hydralisk Den  
  80  7:57  Roach x2  
  83  8:00  Overlord x2  
  83  8:04  Drone  
  84  8:07  Overlord x3  
  84  8:28  Hydralisk  
  84  8:29  Hydralisk x5  
  96  8:34  Queen  
  98  8:45  Muscular Augments  
  95  9:00  Hydralisk  
  95  9:01  Hydralisk x5  
  104  9:22  Drone  
  104  9:23  Drone x11  
  116  9:36  Drone  
  116  9:37  Drone x2  
  117  9:40  Extractor, Drone  
  117  9:42  Extractor  
  116  9:51  Zerg Ground Armor Level 2, Zerg Missile Weapons Level 2  
  116  9:56  Grooved Spines  
  116  9:57  Hydralisk x2  
  120  10:01  Drone  
  120  10:04  Overlord  
  120  10:05  Overlord x2  
  121  10:09  Lurker Den  
  121  10:11  Infestation Pit  
  119  10:21  Drone x2  
  121  10:32  Hatchery, Hydralisk x4  
  121  10:33  Hydralisk x3  
  134  10:36  Extractor, Overlord  
  134  10:39  Overlord  
  133  10:47  Drone x4  
  137  11:00  Hive  
  137  11:01  Metabolic Boost  
  136  11:24  Drone x2  
  138  11:26  Drone x2  
  140  11:40  Lurker x2  
  140  11:41  Lurker x6  
  140  11:42  Lurker x3  
  140  11:44  Zergling x8  
  140  11:45  Zergling x8  
  140  11:46  Overlord  
  159  11:47  Overlord x3  
  159  12:00  Extractor  
  144  12:50  Hydralisk x9  
  144  12:51  Hydralisk x12  
  168  13:02  Drone x2  
  168  13:03  Drone x2  
  172  13:06  Spine Crawler x2  
  172  13:07  Spore Crawler  
  172  13:08  Queen  
  172  13:09  Queen  
  173  13:14  Adaptive Talons  
  155  13:33  Hydralisk x6  
  166  13:47  Drone x2  
  166  13:48  Drone x6  
  140  14:12  Zergling x20  
  140  14:14  Lurker x3  
  140  14:16  Lurker  
  154  14:18  Lurker  
  157  14:25  Drone  
Tags
 
Add a new tag
Caveats
  • Supply blocks, unpowered buildings, or Contaminate may cause inaccurate times.
  • Supply counts are checked every 10 seconds.